 Dungeon Crawl Stone Soup version 0.31-a0-408-gb642c7f9a3 (webtiles) character file.

Game seed: 4750209571513280466

508 senseless the Changeling (level 7, 0/52 HPs)
             Began as a Merfolk Shapeshifter on July 29, 2023.
             Slain by an orc
             ... wielding a +1 trident of protection
              (4 damage)
             ... on level 5 of the Dungeon.
             The game lasted 00:06:40 (3791 turns).

senseless the Changeling (Merfolk Shapeshifter)     Turns: 3791, Time: 00:06:41

Health: 0/52       AC:  6    Str: 18    XL:     7   Next: 18%
Magic:  16/16      EV: 11    Int:  7    God:
Gold:   230        SH:  0    Dex: 14    Spells: 6/6 levels left

rFire   . . .        y - +4 flail of Udep {drain, Fly rElec}
rCold   . . .        (no shield)
rNeg    . . .        z - +0 scale mail
rPois   .            (helmet currently unavailable)
rElec   +            (cloak currently unavailable)
rCorr   .            (gloves currently unavailable)
SInv    .            (boots currently unavailable)
Will    .....        (no amulet) Stlth
                     d - ring of magical power
HPRegen 0.28/turn    (no ring)
MPRegen 0.15/turn

%: no passive effects
@: beast-form, flying, studying Translocations
A: beast (slay +4), (nimble swimmer 2), mertail
a: Begin Untransformation


You were on level 5 of the Dungeon.
You were a hulking beast.
You visited 1 branch of the dungeon, and saw 5 of its levels.

You collected 230 gold pieces.

Inventory:

Hand Weapons
 f - a +0 spear of chaos
 y - the +4 flail of Udep (weapon) {drain, Fly rElec}
   (You found it on level 3 of the Dungeon)

   rElec:     It insulates you from electricity.
   Fly:       It grants you flight.
Armour
 a - a +0 animal skin
 n - a +0 chain mail
 p - a +0 helmet
 r - a +0 leather armour
 z - a +0 scale mail (worn)
Jewellery
 d - a ring of magical power (left hand)
Talismans
 c - a beast talisman
Wands
 t - a wand of iceblast (7) (quivered)
Scrolls
 j - a scroll of fog
 k - 3 scrolls of fear
 o - a scroll of teleportation
 s - a scroll of immolation
Potions
 b - 2 potions of lignification
 e - a potion of mutation {unknown}
 i - a potion of degeneration {unknown}
 l - a potion of might {unknown}
 m - a potion of enlightenment {unknown}
 q - 2 potions of cancellation {unknown}
 u - a potion of curing {unknown}
 w - a potion of berserk rage
 x - a potion of ambrosia
 B - a potion of heal wounds
 C - a potion of haste


   Skills:
 + Level 3.6 Fighting
 - Level 1.9 Polearms
 + Level 4.9 Dodging
 + Level 4.7 Unarmed Combat
 * Level 6.3 Shapeshifting


You had 6 spell levels left.
You didn't know any spells.
Your spell library contained the following spells:

 Spells                   Type           Power      Damage    Failure   Level
 Kiss of Death            Conj/Necr      0%         2d5       85%         1
 Blink                    Tloc           0%         N/A       94%         2
 Lesser Beckoning         Tloc           0%         N/A       94%         2
 Momentum Strike          Conj/Tloc      0%         3d8       94%         2
 Confusing Touch          Hex            0%         N/A       99%         3
 Dispel Undead            Necr           0%         3d6       100%        4


Dungeon Overview and Level Annotations

Branches:
Dungeon (5/15)
 Temple: D:4-7

Altars:
Kikubaaqudgha
The Shining One


Innate Abilities, Weirdness & Mutations

You are a hulking beast.
Your limbs bulge with bestial killing power. (Slay +4)
((You are very nimble when in or above water. (Stealth+, EV+, Speed+++)))
Your lower body shifts to a powerful aquatic tail in water.


Message History

The orc wizard is healed somewhat.
You bludgeon the orc wizard!!
You kill the orc wizard!
The orc closely misses you.
Your Shapeshifting skill increases to level 6!
You hit the orc priest. You drain the orc priest.
The orc priest is severely wounded.
The orc hits you from afar with a +1 trident of protection.
The orc priest hits you but does no damage.
The orc priest barely misses you.
You sock the orc priest!
You kill the orc priest!
The orc barely misses you.
You sock the ice beast! You drain the ice beast.
The ice beast is almost dead.
The orc hits you but does no damage. The ice beast barely misses you.
The orc hits you from afar with a +1 trident of protection!
The ice beast hits you. The ice beast freezes you!
* * * LOW HITPOINT WARNING * * *
You hit the ice beast.
The ice beast is almost dead.
The orc hits you from afar with a +1 trident of protection.
* * * LOW HITPOINT WARNING * * *
The ice beast hits you but does no damage.
You sock the ice beast!
You kill the ice beast!
The orc barely misses you.
You have reached level 7!
The orc hits you with a +1 trident of protection.
* * * LOW HITPOINT WARNING * * *
Items here: )) [ †.
You completely miss the orc.
The orc hits you with a +1 trident of protection.
* * * LOW HITPOINT WARNING * * *
The orc hits you with a +1 trident of protection.
* * * LOW HITPOINT WARNING * * *
You closely miss the orc. You punch the orc.
The orc is heavily wounded.
The orc hits you with a +1 trident of protection.
You die...

#...# ..#.# #.###
#.#.# ### #.#.#
#.#.#####.# ####
#.#.......# ####...
#.........# .......
#.........#
.!....o###.........#
.......h.............
.......###.........##
######. #.........#
#. ###........# ##
###......# ####


You could see an orc.

Vanquished Creatures
  An ice beast (D:5)
  An ogre (D:5)
  A phantom (D:4)
  An orc priest (D:5)
  4 orc wizards
  3 adders (D:2)
  A white imp (D:5)
  2 worms
  3 dart slugs
  7 orcs (D:4)
  6 ball pythons
  6 bats
  A bat zombie (D:4)
  6 endoplasms
  15 goblins
  9 hobgoblins
  4 frilled lizards
  10 kobolds
  5 rats
  2 rat zombies (D:4)
88 creatures vanquished.

Notes
Turn   | Place    | Note
-------+----------+-------------------------------------------
     0 | D:1      | senseless the Merfolk Shapeshifter began the quest for the
                  | Orb.
     0 | D:1      | Reached XP level 1. HP: 15/15 MP: 1/1
   140 | D:1      | Reached XP level 2. HP: 20/21 MP: 2/2
   308 | D:1      | Reached XP level 3. HP: 27/27 MP: 3/3
   834 | D:2      | Reached skill level 1 in Polearms
   940 | D:2      | Reached XP level 4. HP: 33/33 MP: 4/4
  2097 | D:3      | Identified the +4 flail of Udep {drain, Fly rElec}
  3053 | D:4      | Reached XP level 5. HP: 39/39 MP: 5/5
  3058 | D:4      | Reached skill level 5 in Shapeshifting
  3094 | D:4      | Noticed a phantom
  3100 | D:4      | Killed a phantom
  3101 | D:4      | Reached XP level 6. HP: 43/46 MP: 6/6
  3269 | D:4      | Found an ancient bone altar of Kikubaaqudgha.
  3490 | D:4      | Found a glowing golden altar of the Shining One.
  3563 | D:4      | Identified a scroll of acquirement
  3563 | D:4      | Acquired a manual of Translocations
  3578 | D:5      | Entered Level 5 of the Dungeon
  3777 | D:5      | Noticed an ice beast
  3784 | D:5      | Reached skill level 6 in Shapeshifting
  3788 | D:5      | Killed an ice beast
  3789 | D:5      | Reached XP level 7. HP: 11/52 MP: 7/7
  3791 | D:5      | Slain by an orc

Illustrated notes

Levels and vault maps discovered:
D:1:      elethiomel_arrival_shortcut, layout_rooms, chequers_arboretum,
          minmay_unequal
D:2:      cheibrodos_greedy_goblins, layout_basic, minmay_misc_feat_nine_boxes,
          kennysheep_generic_room_2
D:3:      layout_loops_ring, hangedman_decor_clover_reticule,
          serial_bayou_lagoon_a
D:4:      layout_basic, lemuel_tele_altar, lemuel_zombie_altar_kikubaaqudgha
D:5:      layout_basic, mainiacjoe_overflow_alcove_4,
          minmay_temple_entry_large_hall, reono_crystal_passage,
          minmay_misc_feat_cross, nicolae_inconvenience_store,
          grunt_decor_clamped

Skill      XL: |  1  2  3  4  5  6 |
---------------+-------------------+-----
Dodging        | 3 4 |  4.9
Polearms       | 1 |  1.9
Fighting       | 2 3 |  3.6
Shapeshifting  | 5 6 |  6.3
Unarmed Combat | 4 |  4.7

Action                     |  1- 3 |  4- 6 |  7- 9 || total
---------------------------+-------+-------+-------++-------
  Melee: Unarmed           |    26 |       |       ||    26
         Punch             |     2 |     4 |     1 ||     7
         Spear             |    54 |    91 |       ||   145
         Flail             |       |    46 |     2 ||    48
    Use: Scroll            |       |    11 |       ||    11
 Armour: Animal skin       |     5 |       |       ||     5
         Chain mail        |       |    40 |       ||    40
         Scale mail        |       |    23 |       ||    23
  Dodge: Dodged            |    35 |    55 |       ||    90

Table legend: (Time is in decaauts)
 A = Elapsed time spent in this place.
 B = Non-inter-level travel time spent in this place.
 C = Inter-level travel time spent in this place.
 D = Time resting spent in this place.
 E = Time spent auto-exploring this place.
 F = Levels seen in this place.
 G = Mean time per level.
                   A        B        C        D        E       F      G
               +--------+--------+--------+--------+--------+-----+--------+
         Total |   3806 |   3554 |    252 |     62 |   2935 |   5 |  761.2 |
       Dungeon |   3806 |   3554 |    252 |     62 |   2935 |   5 |  761.2 |
               +--------+--------+--------+--------+--------+-----+--------+

Top non-repeatable levels by time:
     D:2: 1253 daAuts
     D:3: 894 daAuts
     D:1: 747 daAuts
     D:4: 694 daAuts
     D:5: 218 daAuts
